 Dungeon Crawl Stone Soup version 0.16.2-12-gd0ad4c3 (webtiles) character file.

146 Gwarll the Grave Robber (level 5, 0/35 HPs)
             Began as a Human Necromancer on Mar 8, 2016.
             Killed from afar by Sigmund (3 damage)
             ... with a wand of magic darts
             ... on level 3 of the Dungeon.
             The game lasted 00:18:37 (4603 turns).

Gwarll the Grave Robber (Human Necromancer)         Turns: 4603, Time: 00:18:37

Health: 0/35       AC:  4    Str: 10    XL:     5   Next: 53%
Magic:  9/11       EV: 12    Int: 19    God:
Gold:   174        SH:  0    Dex: 13    Spells: 4 memorised, 2 levels left

rFire  . . .     SeeInvis .     r - +0 spear
rCold  . . .     Clarity  .     n - +0 leather armour (curse)
rNeg   . . .     SustAb   .     (no shield)
rPois  .         Gourm    .     (no helmet)
rElec  .         Spirit   .     (no cloak)
rCorr  .         Warding  .     (no gloves)
rMut   .         Stasis   .     s - +0 pair of boots
MR     .....                    k - amulet of faith
Stlth  ++........               (no ring)
                                d - +4 ring of intelligence

@: very slightly contaminated, hasted, very quick, not resistant to hostile
enchantments, unstealthy
A: no striking features
a: no special abilities


You were on level 3 of the Dungeon.
You were hungry.

You visited 1 branch of the dungeon, and saw 3 of its levels.

You collected 174 gold pieces.

Inventory:

Hand weapons
 f - a +0 dagger
 r - a +0 spear (weapon)
Missiles
 g - 94 stones (quivered)
Armour
 n - a cursed +0 leather armour (worn)
 s - a +0 pair of boots (worn)
Jewellery
 d - a +4 ring of intelligence (left hand)
 k - an amulet of faith (around neck)
Scrolls
 c - a scroll of blinking {unknown}
 e - a scroll of teleportation {unknown}
 h - 2 scrolls of remove curse {unknown}
 j - 3 scrolls of magic mapping {unknown}
 m - a scroll of identify {unknown}
 o - a scroll of noise {unknown}
 p - a scroll of enchant armour {unknown}
Potions
 q - a potion of curing {unknown}
Books
 b - a book of Necromancy

   Spells                             Type                      Level
   a - Pain                           Necromancy                   1
   b - Animate Skeleton               Necromancy                   1
   c - Vampiric Draining              Necromancy                   3
   d - Regeneration                   Charms/Necromancy            3
   e - Animate Dead                   Necromancy                   4
   f - Control Undead                 Necromancy                   4
Comestibles
 a - a meat ration
 i - a chunk of flesh
 u - a bread ration


   Skills:
 + Level 0.2 Fighting
 + Level 0.2 Short Blades
 + Level 0.2 Throwing
 + Level 0.6 Armour
 + Level 2.4 Dodging
 + Level 2.1 Stealth
 + Level 3.1 Spellcasting
 + Level 5.3 Necromancy


You had 2 spell levels left.
You knew the following spells:

 Your Spells              Type           Power        Failure   Level  Hunger
a - Pain                  Necr           ###.         2%          1    None
b - Animate Skeleton      Necr           N/A          2%          1    None
c - Vampiric Draining     Necr           ###.......   10%         3    ###....
d - Regeneration          Chrm/Necr      ##........   24%         3    ###....


Dungeon Overview and Level Annotations

Branches:
Dungeon (3/15)

Altars:
Qazlal

Annotations:
D:3 Sigmund


Message History

It was a potion of haste.
You feel yourself speed up.
You are very lightly contaminated with residual magic.
You are too confused!
You bump into the rock wall.
Sigmund misses you.
You bump into the rock wall.
You bump into the rock wall.
Sigmund barely misses you. Sigmund barely misses you.
You bump into the rock wall.
You bump into the rock wall.
You bump into the rock wall.
Sigmund casts a spell at you. The puff of flame hits you!
* * * LOW HITPOINT WARNING * * *
You bump into the rock wall.
Sigmund says, "Don't worry, I'll kill you fast."
Sigmund zaps a wand.
The magic dart hits you!
* * * LOW HITPOINT WARNING * * *
You feel less confused.
Sigmund zaps a wand.
The magic dart hits you!
You die...

.....##.#.###.##.#
#.#....###
.#......#.#....#.#
#.#....#..
...............#.#
#.##...#.#
..........#.##.#.#### #.
#...#.#
###########.#......<# #.
#...#.# # #.#..#@####
#.##...#.# # #.#..#.#
#.##..>#.# # #.#..#.#
@##)###.# # #.#..#@#
.##.###)# # #.#..#.#
.##.....# # #.#..#.#
.######## #
#.#..#.#######.#
###########.####.........#
............# ###########
#############


You could see Sigmund.

Vanquished Creatures
  4 adders
  2 worms (D:3)
  7 giant geckos
  4 giant cockroaches
  4 hobgoblins
  5 kobolds
  9 bats
  7 giant newts
  6 goblins
  5 jackals
  9 rats
62 creatures vanquished.

Vanquished Creatures (collateral kills)
  Terence (D:2)
  An adder (D:2)
  A worm (D:2)
  An ooze (D:2)
  A bat (D:2)
  3 kobolds
  5 goblins
  3 rats
16 creatures vanquished.

Vanquished Creatures (others)
  An adder skeleton (D:3)
  4 bat skeletons
  A giant gecko skeleton (D:3)
  2 giant newt skeletons (D:3)
  3 goblin skeletons
  A kobold skeleton (D:3)
  A rat skeleton (D:3)
13 creatures vanquished.

Grand Total: 91 creatures vanquished

Notes
Turn   | Place    | Note
--------------------------------------------------------------
     0 | D:1      | Gwarll, the Human Necromancer, began the quest for the Orb.
     0 | D:1      | Reached XP level 1. HP: 13/13 MP: 3/3
     2 | D:1      | Learned a level 1 spell: Animate Skeleton
   456 | D:1      | Reached XP level 2. HP: 11/19 MP: 0/4
  1043 | D:1      | Reached XP level 3. HP: 22/24 MP: 2/6
  1400 | D:2      | Reached XP level 4. HP: 5/30 MP: 1/8
  2398 | D:3      | Reached skill level 5 in Necromancy
  2414 | D:3      | Noticed Sigmund
  2510 | D:3      | Noticed Terence
  2862 | D:2      | Learned a level 3 spell: Vampiric Draining
  2866 | D:2      | Learned a level 3 spell: Regeneration
  2879 | D:2      | Killed Terence
  2879 | D:2      | Reached XP level 5. HP: 33/35 MP: 1/10
  3164 | D:3      | Found a stormy altar of Qazlal.
  3944 | D:3      | HP: 1/35 [Sigmund/wand of magic darts (6)]
  4603 | D:3      | Killed from afar by Sigmund

Action                   |  1- 3 |  4- 6 || total
-------------------------+-------+-------++-------
Melee: Unarmed           |     7 |       ||     7
       Dagger            |    34 |    35 ||    69
       Spear             |       |    45 ||    45
Throw: Stone             |    24 |       ||    24
 Cast: Pain              |    47 |    63 ||   110
       Animate Skeleton  |    17 |    19 ||    36
       Vampiric Draining |       |     3 ||     3
       Regeneration      |       |     2 ||     2
  Use: Potion            |       |     1 ||     1
 Stab: Distracted        |       |     1 ||     1
       Sleeping          |       |     2 ||     2
  Eat: Chunk             |     2 |     5 ||     7
       Bread ration      |       |     1 ||     1
       Pizza             |       |     1 ||     1
